 Dungeon Crawl Stone Soup version 0.24-a0-92-g7d8ec57 (console) character file.

Game seed: 17533536368838597172

341 Duffy the Insei (level 6, -4/47 HPs)
             Began as a Draconian Transmuter on Feb 9, 2019.
             Slain by a gnoll
             ... wielding a +0 flail
              (11 damage)
             ... on level 4 of the Dungeon.
             The game lasted 00:02:26 (1322 turns).

Duffy the Insei (Draconian Transmuter)              Turns: 1322, Time: 00:02:26

Health: -4/47      AC:  2    Str: 12    XL:     6   Next: 30%
Magic:  5/9        EV: 19    Int: 15    God:
Gold:   65         SH:  0    Dex: 17    Spells: 3/9 levels left

rFire    . . .     SeeInvis .     - Unarmed
rCold    . . .     Gourm    .   (shield currently unavailable)
rNeg     + . .     Faith    .   (armour unavailable)
rPois    x         Spirit   .   (helmet currently unavailable)
rElec    .         Reflect  .   (cloak currently unavailable)
rCorr    .         Harm     .   (gloves currently unavailable)
MR       .....                  (boots currently unavailable)
Stlth    ++........             d - amulet of regeneration
HPRegen  0.55/turn              j - ring of positive energy
MPRegen  0.11/turn              (no ring)

@: spider-form
A: tiny, unfitting armour, AC +6
a: End Transformation


You were on level 4 of the Dungeon.
You were hungry.
You were a venomous arachnid creature.
You visited 1 branch of the dungeon, and saw 5 of its levels.

You collected 65 gold pieces.

Inventory:

Hand Weapons
 g - a +0 blowgun
Missiles
 a - 12 arrows
 h - 4 poisoned needles
Jewellery
 d - an amulet of regeneration (around neck)
 j - a ring of positive energy (left front leg)
Scrolls
 b - 2 scrolls of remove curse {unknown}
 k - a scroll of magic mapping {unknown}
 m - a scroll of noise {unknown}
Potions
 e - a potion of cancellation {unknown}
 i - a potion of heal wounds {unknown}
 l - a potion of flight {unknown}
Comestibles
 c - 5 rations
 f - 2 chunks of flesh


   Skills:
 - Level 1.1 Fighting
 - Level 1.7 Dodging
 + Level 4.9 Unarmed Combat
 - Level 2.0 Spellcasting
 + Level 4.3 Transmutations
 - Level 3.0 Poison Magic


You had 3 spell levels left.
You knew the following spells:

 Your Spells              Type           Power        Failure   Level  Hunger
h - Spider Form           Tmut/Pois      ##........   32%         3    ###....
j - Sticks to Snakes      Tmut           ##......     16%         2    ###....
k - Beastly Appendage     Tmut           ##....       12%         1    #......

Your spell library contained the following spells:

 Spells                   Type           Power        Failure   Level  Hunger
 Ice Form                 Ice/Tmut       #.......     83%         4    #####..
 Blade Hands              Tmut           ##........   87%         5    ######.


Dungeon Overview and Level Annotations

Branches:
Dungeon (5/15)
 Temple: D:4-7

Altars:

Annotations:
D:4 4 runed translucent doors


Innate Abilities, Weirdness & Mutations

((Your plain brown scales are hard. (AC +6)))
You cannot fit into any form of body armour.
((You are cold-blooded and may be slowed by cold attacks.))


Message History

You are feeling hungry.
The gnoll hits you with a +0 flail! The gnoll misses you.
Unknown command.
You barely miss the gnoll.
The gnoll is heavily wounded.
The gnoll barely misses you. The gnoll hits you with a +0 whip.
You hit the gnoll.
The gnoll is poisoned.
The gnoll is moderately wounded.
The gnoll barely misses you. The gnoll hits you with a +0 whip!
You closely miss the gnoll.
The gnoll is moderately wounded.
The gnoll completely misses you. x2
You bite the gnoll!
You kill the gnoll!
Training target 3.0 for Poison Magic reached!
Your Poison Magic skill increases to level 3!
You hit the gnoll but do no damage.
The gnoll looks even sicker.
The gnoll is moderately wounded.
The gnoll hits you with a +0 flail!
You die...

#.... #...#(....=# #.#.#
#...#)....?# ### #.#.#
#.#.#8....8# #[. #.#.#
###...##85.8#####. #.#%#
#......##++##.'.##
#.#.####.####........##.#
#$####.#.)....# ##.......#%##
#.......############.##.#.##%.
######.....)sg..........#..###
#.###############...#.... #..
#########.###### ###
.......[.<# ###########


You could see a gnoll.

Vanquished Creatures
  An ogre (D:4)
  A gnoll sergeant (D:5)
  A hound (D:4)
  A jelly (D:5)
  An iguana (D:4)
  A worker ant (D:4)
  A gnoll (D:4)
  3 adders
  An adder skeleton (D:5)
  4 leopard geckos
  5 orcs (D:3)
  3 bats
  3 giant cockroaches
  5 goblins
  A hobgoblin (D:3)
  7 jackals
  A ball python (D:3)
  A frilled lizard (D:2)
  6 kobolds (D:3)
47 creatures vanquished.

Vanquished Creatures (others)
  A plant (D:3)
1 creature vanquished.

Grand Total: 48 creatures vanquished

Notes
Turn   | Place    | Note
-------+----------+-------------------------------------------
     0 | D:1      | Duffy the Draconian Transmuter began the quest for the Orb.
     0 | D:1      | Reached XP level 1. HP: 16/16 MP: 3/3
   224 | D:2      | Reached XP level 2. HP: 23/23 MP: 5/5
   367 | D:3      | Reached XP level 3. HP: 16/28 MP: 6/6
   461 | D:3      | Learned a level 2 spell: Sticks to Snakes
   465 | D:3      | Learned a level 3 spell: Spider Form
   833 | D:4      | Found a large runed translucent door.
   838 | D:4      | Found a large runed translucent door.
   863 | D:4      | Reached skill level 1 in Poison Magic
   863 | D:4      | Reached XP level 4. HP: 35/35 MP: 0/7
   880 | D:4      | Reached XP level 5. HP: 40/40 MP: 2/8
   945 | D:4      | Found the +27 Lear's hauberk
   980 | D:4      | Found a large runed translucent door.
   980 | D:4      | Found a large runed translucent door.
   987 | D:4      | Noticed an ogre
   997 | D:4      | Killed an ogre
  1039 | D:5      | Entered Level 5 of the Dungeon
  1137 | D:5      | Reached XP level 6. HP: 44/47 MP: 9/9
  1322 | D:4      | Slain by a gnoll

Levels and vault maps discovered:
D:1:      scummos_arrival_forest, layout_rooms, hex_medium, item_on_display_a
D:2:      layout_loops_ring, first_ration
D:3:      layout_basic, minmay_misc_feat_diagonals, st_stairs_11,
          grunt_ministairs_3, lexackson_kobold_supper
D:4:      layout_loops_ring, minmay_temple_entry_drinking_statues,
          minmay_misc_feat_tower, serial_park_tiny_pond,
          minmay_hollow_rounded_squares
D:5:      layout_loops_ring, uniq_sigmund, uniq_menkaure, uniq_edmund

Skill      XL: |  1  2  3  4  5  6 |
---------------+-------------------+-----
Transmutations | 3 4 |  4.3
Unarmed Combat | 4 |  4.9
Poison Magic   | 1 2 3 |  3.0
Fighting       | |  1.1
Dodging        | |  1.7
Spellcasting   | |  2.0

Action                   |  1- 3 |  4- 6 || total
-------------------------+-------+-------++-------
Melee: Unarmed           |   125 |    77 ||   202
       Tailslap          |     8 |     1 ||     9
       Punch             |     1 |       ||     1
 Cast: Spider Form       |     2 |     5 ||     7
 Stab: Sleeping          |     1 |       ||     1
  Eat: Chunk             |       |     2 ||     2
Armor: Skin              |    41 |    15 ||    56
Dodge: Dodged            |    83 |    53 ||   136

Table legend:
 A = Non-vault XP
 B = Vault XP
 C = Vault XP percentage of total XP
 D = Non-vault monster count
 E = Vault monster count
 F = Vault count percentage of total count
                 A         B        C        D         E       F
            +---------+---------+-------+---------+---------+-------
      Total |     403 |      85 |  17.4 |      36 |      11 |  23.4
            +---------+---------+-------+---------+---------+-------
        D:1 |       6 |       0 |   0.0 |       3 |       0 |   0.0
        D:2 |       6 |       0 |   0.0 |       4 |       0 |   0.0
        D:3 |      55 |      12 |  17.9 |      15 |       8 |  34.8
        D:4 |     197 |      73 |  27.0 |      10 |       3 |  23.1
        D:5 |     139 |       0 |   0.0 |       4 |       0 |   0.0
            +---------+---------+-------+---------+---------+-------
